 Dungeon Crawl Stone Soup version 0.31-a0-1176-gb7303255ee (webtiles) character file.

Game seed: 7454183489245785560

99 Malachi the Ruffian (level 4, -3/38 HPs)
             Began as a Draconian Shapeshifter on Dec 11, 2023.
             Slain by Terence
             ... wielding a +2 heavy mace
              (5 damage)
             ... on level 3 of the Dungeon.
             The game lasted 00:01:40 (1389 turns).

Malachi the Ruffian (Draconian Shapeshifter)        Turns: 1389, Time: 00:01:41

Health: -3/38      AC:  5    Str: 18    XL:     4   Next: 45%
Magic:  0/4        EV: 12    Int: 11    God:
Gold:   127        SH:  0    Dex: 10    Spells: 3/3 levels left

rFire   . .          .
                       - Unarmed
rCold   . . .        (no shield)
rNeg    . . .        (body armour unavailable)
rPois   +            (helmet currently unavailable)
rElec   .            (cloak currently unavailable)
rCorr   .            (gloves currently unavailable)
SInv    .            (boots currently unavailable)
Will    .....        k - amulet of guardian spirit
Stlth   +            h - ring of poison resistance
HPRegen 0.26/turn    (no ring)
MPRegen 0.09/turn

%: guardian spirit
@: beast-form
A: beast (slay +2), AC +5, unfitting armour, cold-blooded
a: Begin Untransformation


You were on level 3 of the Dungeon.
You were a hulking beast.
You visited 1 branch of the dungeon, and saw 3 of its levels.

You collected 127 gold pieces.

Inventory:

Jewellery
 h - a ring of poison resistance (left hand)
 k - an amulet of guardian spirit (around neck)
Talismans
 b - a beast talisman
 c - a flux talisman
Scrolls
 d - 4 scrolls of identify {unknown}
 i - a scroll of silence {unknown}
 j - 2 scrolls of teleportation {unknown}
 l - a scroll of enchant armour {unknown}
Potions
 a - a potion of lignification
 e - 3 potions of berserk rage {unknown}
 f - a potion of might {unknown}
 g - a potion of resistance {unknown}


   Skills:
 + Level 3.0 Fighting
 - Level 1.8 Dodging
 + Level 3.8 Unarmed Combat
 + Level 3.7 Shapeshifting


You had 3 spell levels left.
You didn't know any spells.
Your spell library was empty.

Dungeon Overview and Level Annotations

Branches:
Dungeon (3/15)

Altars:
Elyvilon

Annotations:
D:3 Terence


Innate Abilities, Weirdness & Mutations

You are a hulking beast.
Your limbs bulge with bestial killing power. (Slay +2)
Your plain brown scales are hard. (AC +5)
You cannot fit into any form of body armour.
You are cold-blooded and may be slowed by cold attacks.


Message History

The bat closely misses you.
You hit the bat.
You kill the bat!
A dart slug comes into view.
You completely miss Terence. Terence hits you with a +2 heavy mace.
You hit Terence.
Terence is lightly wounded.
Terence completely misses you.
You barely miss Terence.
You tail-slap Terence, but do no damage.
Terence is lightly wounded.
You hit Terence but do no damage.
Terence is lightly wounded.
Terence completely misses you.
You hit Terence but do no damage.
Terence is lightly wounded.
You closely miss Terence.
Terence is lightly wounded.
Terence hits you with a +2 heavy mace!
You hit Terence but do no damage.
Terence is lightly wounded.
Terence hits you with a +2 heavy mace!
You are too injured to fight recklessly!
You are too injured to fight recklessly!
You are too injured to fight recklessly!
You punch Terence!
You tail-slap Terence, but do no damage.
Terence is heavily wounded.
You hit Terence.
Terence is heavily wounded.
Terence shouts, "ATTACK!!!"
Terence hits you with a +2 heavy mace!
* * * LOW HITPOINT WARNING * * *
You hit Terence but do no damage.
Terence is heavily wounded.
You completely miss Terence.
Terence is heavily wounded.
Terence hits you with a +2 heavy mace.
You die...
Terence says, "That felt goooood."

####...
#.......#.########
#.................
#................. .#
#................. .##
................. ..
.........@...... .#
#+##...†hw...... .#
#.#............. .#
###...#...........
.######.....####........
.##...........##........
#.'.............$.......
#.#....................#
#.#....#...............#
#.#....######..........


You could see Terence and a dart slug.

Vanquished Creatures
  Robin (D:2)
  3 adders (D:2)
  2 dart slugs
  6 endoplasms
  A giant cockroach (D:1)
  15 goblins
  9 hobgoblins
  5 ball pythons
  2 bats
  3 frilled lizards
  4 kobolds
  A rat (D:2)
52 creatures vanquished.

Notes
Turn   | Place    | Note
-------+----------+-------------------------------------------
     0 | D:1      | Malachi the Draconian Shapeshifter began the quest for the
                  | Orb.
     0 | D:1      | Reached XP level 1. HP: 16/16 MP: 1/1
   171 | D:1      | Reached XP level 2. HP: 20/23 MP: 2/2
   550 | D:2      | Found a white marble altar of Elyvilon.
   577 | D:2      | Reached XP level 3. HP: 29/29 MP: 3/3
   620 | D:2      | Noticed Robin
   652 | D:2      | Killed Robin
   769 | D:2      | Reached XP level 4. HP: 36/37 MP: 4/4
  1374 | D:3      | Noticed Terence
  1387 | D:3      | HP: 1/38 [Terence/+2 heavy mace (11)]
  1389 | D:3      | Slain by Terence

Illustrated notes

Levels and vault maps discovered:
D:1:      dreamdust_arrival_beginning_and_end, layout_basic,
          minmay_misc_feat_doors
D:2:      layout_basic, basic_altar, minmay_vboxes, uniq_robin
D:3:      layout_basic, chequers_ecumenical_altar_lobes,
          minmay_stone_trees_small, uniq_terence

Skill      XL: |  1  2  3  4 |
---------------+-------------+-----
Fighting       | 2 3 |  3.0
Dodging        | |  1.8
Unarmed Combat | |  3.8
Shapeshifting  | |  3.7

Action                     |  1- 3 |  4- 6 || total
---------------------------+-------+-------++-------
  Melee: Unarmed           |    80 |    58 ||   138
         Tailslap          |    11 |     5 ||    16
         Punch             |     1 |     1 ||     2
 Armour: Skin              |    47 |    35 ||    82
  Dodge: Dodged            |    45 |    37 ||    82

Table legend: (Time is in decaauts)
 A = Elapsed time spent in this place.
 B = Non-inter-level travel time spent in this place.
 C = Inter-level travel time spent in this place.
 D = Time resting spent in this place.
 E = Time spent auto-exploring this place.
 F = Levels seen in this place.
 G = Mean time per level.
                   A        B        C        D        E       F      G
               +--------+--------+--------+--------+--------+-----+--------+
         Total |   1380 |   1340 |     40 |     78 |    992 |   3 |  460.0 |
       Dungeon |   1380 |   1340 |     40 |     78 |    992 |   3 |  460.0 |
               +--------+--------+--------+--------+--------+-----+--------+

Top non-repeatable levels by time:
     D:2: 772 daAuts
     D:1: 509 daAuts
     D:3: 98 daAuts
